 Dungeon Crawl Stone Soup version 0.24-a0-630-g0d56a851f4 (webtiles) character file.

Game seed: 798308916832796400, levelgen mode: deterministic

192 Mame the Chopper (level 5, -3/47 HPs)
             Began as a Hill Orc Fighter on Sept 19, 2019.
             Was an Initiate of Beogh.
             Slain by a leopard gecko (4 damage)
             ... on level 4 of the Dungeon.
             The game lasted 00:08:08 (2767 turns).

Mame the Chopper (Hill Orc Fighter)                 Turns: 2767, Time: 00:08:08

Health: -3/47      AC:  3    Str: 20    XL:     5   Next: 71%
Magic:  5/5        EV: 11    Int:  8    God:    Beogh [......]
Gold:   242        SH:  0    Dex: 10    Spells: 4/4 levels left

rFire    . . .     SeeInvis .   a - +0 war axe
rCold    . . .     Gourm    .   (no shield)
rNeg     . . .     Faith    .   v - +0 leather armour
rPois    .         Spirit   .   (no helmet)
rElec    .         Reflect  .   (no cloak)
rCorr    .         Harm     .   (no gloves)
MR       .....                  (no boots)
Stlth    +.........             (no amulet)
HPRegen  0.15/turn              (no ring)
MPRegen  0.09/turn              (no ring)

@: no status effects
A: no striking features
a: Renounce Religion


You were on level 4 of the Dungeon.
You worshipped Beogh.
Beogh was noncommittal.
You were not hungry.

You visited 1 branch of the dungeon, and saw 4 of its levels.

You collected 242 gold pieces.

Inventory:

Hand Weapons
 a - a +0 war axe (weapon)
 e - a +0 broad axe
 i - a +0 spear of flaming
Missiles
 t - 9 poisoned darts (quivered)
Armour
 b - a +0 scale mail
 c - a +0 shield
 n - a +0 ring mail
 o - +0 pearl dragon scales
 v - a +0 leather armour (worn)
Jewellery
 k - a cursed ring of teleportation {unknown}
 w - a +2 amulet of reflection {unknown}
Wands
 s - a wand of polymorph (13)
 x - a wand of random effects (16)
Scrolls
 j - a scroll of fog
 q - a scroll of enchant weapon {unknown}
 r - a scroll of amnesia
 u - 4 scrolls of teleportation
 y - a scroll of random uselessness {unknown}
Potions
 d - 2 potions of might
 g - a potion of magic {unknown}
 h - a potion of mutation {unknown}
 l - a potion of degeneration {unknown}
 m - 2 potions of flight
 p - 4 potions of curing
 z - 2 potions of heal wounds {unknown}
Comestibles
 f - 4 rations
 A - 3 chunks of flesh


   Skills:
 + Level 4.7 Fighting
 * Level 5.3 Axes
 + Level 4.2 Armour
 - Level 4.0 Shields


You had 4 spell levels left.
You didn't know any spells.
Your spell library was empty.

Dungeon Overview and Level Annotations

Branches:
Dungeon (4/15)
 Temple: D:4-7

Altars:
Cheibriados
Fedhas
Okawaru
Qazlal
Uskayaw
Xom
Yredelemnul


Message History

The leopard gecko bites you but does no damage.
The orc hits you with a +0 flail of venom.
* * * LOW HITPOINT WARNING * * *
The orc wizard closely misses you.
You barely miss the orc wizard.
The orc wizard is moderately wounded.
You closely miss the orc.
You hit the leopard gecko but do no damage.
You hit the orc but do no damage.
The orc wizard gestures at you while chanting.
The magic dart hits you.
* * * LOW HITPOINT WARNING * * *
The leopard gecko bites you but does no damage.
The orc hits you with a +0 club.
* * * LOW HITPOINT WARNING * * *
The orc hits you but does no damage.
The orc wizard hits you with a +0 dagger.
* * * LOW HITPOINT WARNING * * *
The leopard gecko bites you.
You die...

.......#..#...... ..
#.....#..#...... ..
#...........#... #
.###...........#.## #.
..................
.#..###............##...
..................###...
......lo............#...
......o@................
>.....o.................
..#.)..#..!.............
....#.##.......##.......
..............###.....#
..............##......#
..###..................
.........รท..........
................. <


You could see an orc wizard, 2 orcs and a leopard gecko.

Vanquished Creatures
  A hound (D:4)
  A worker ant zombie (D:3)
  7 adders
  An adder skeleton (D:3)
  2 worms
  3 dart slugs
  3 leopard geckos
  3 orcs (D:4)
  6 bats
  A giant cockroach (D:1)
  7 goblins
  8 hobgoblins
  2 jackals (D:1)
  2 quokkas (D:3)
  2 ball pythons
  6 frilled lizards
  7 kobolds
  A leopard gecko skeleton (D:3)
  11 rats
74 creatures vanquished.

Vanquished Creatures (others)
  An ogre (D:4)
  A worker ant (D:4)
  2 orcs (D:4)
4 creatures vanquished.

Grand Total: 78 creatures vanquished

Notes
Turn   | Place    | Note
-------+----------+-------------------------------------------
     0 | D:1      | Mame the Hill Orc Fighter began the quest for the Orb.
     0 | D:1      | Reached XP level 1. HP: 19/19 MP: 1/1
    99 | D:1      | Reached skill level 3 in Axes
   112 | D:1      | Reached XP level 2. HP: 27/27 MP: 2/2
   240 | D:1      | Reached XP level 3. HP: 29/33 MP: 3/3
   957 | D:2      | Reached skill level 4 in Axes
   957 | D:2      | Reached XP level 4. HP: 30/40 MP: 4/4
  1182 | D:2      | Found an iron altar of Okawaru.
  1182 | D:2      | Found a hide-covered altar of Uskayaw.
  1349 | D:2      | Found a stormy altar of Qazlal.
  1351 | D:2      | Noticed an earth elemental
  1351 | D:2      | Noticed a fire elemental
  1352 | D:2      | Noticed an air elemental
  1352 | D:2      | Noticed a water elemental
  1360 | D:2      | You fall into a shaft and drop 1 floor!
  1399 | D:3      | Found a blossoming altar of Fedhas.
  1565 | D:2      | Found a snail-covered altar of Cheibriados.
  1628 | D:2      | Found a shimmering altar of Xom.
  1673 | D:2      | Found a basalt altar of Yredelemnul.
  1890 | D:3      | Reached XP level 5. HP: 36/47 MP: 5/5
  2424 | D:3      | Reached skill level 5 in Axes
  2560 | D:4      | Became a worshipper of Beogh the Brigand
  2743 | D:4      | Killed an ogre
  2767 | D:4      | HP: 1/47 [orc wizard/+0 dagger (2)]
  2767 | D:4      | Slain by a leopard gecko

Levels and vault maps discovered:
D:1:      wander_arrival_lonely_grave, layout_loops_ring
D:2:      layout_loops_ring, overflow_temple_1_default,
          nicolae_qazlal_style_of_elements, cheibriados_altar_1,
          xom_butterflies, chequers_temple_overflow_statue_of_worship,
          first_ration, minmay_tiny_reverse_x
D:3:      layout_loops_cross, fedhas_altar_1, serial_undead, serial_undead_f,
          serial_undead_b, serial_undead_e, serial_undead_a, serial_undead_f,
          serial_undead_c, serial_undead_c
D:4:      layout_cave_pools, zin_scriptorium,
          minmay_temple_entry_statues_pillars

Skill      XL: |  1  2  3  4  5 |
---------------+----------------+-----
Axes           | 3 4 5 |  5.3
Fighting       | 4 |  4.7
Shields        | 4 |  4.0
Armour         | 4 |  4.2

Action                   |  1- 3 |  4- 6 || total
-------------------------+-------+-------++-------
Melee: War axe           |   107 |   132 ||   239
Invok: Convert to Beogh  |       |     1 ||     1
  Use: Scroll            |       |     5 ||     5
  Eat: Chunk             |       |     6 ||     6
Armor: Scale mail        |    59 |    35 ||    94
       Leather armour    |       |    20 ||    20
Dodge: Dodged            |    61 |    90 ||   151
Block: Shield            |     7 |       ||     7

Table legend:
 A = Non-vault XP
 B = Vault XP
 C = Vault XP percentage of total XP
 D = Non-vault monster count
 E = Vault monster count
 F = Vault count percentage of total count
                 A         B        C        D         E       F
            +---------+---------+-------+---------+---------+-------
      Total |     248 |      27 |   9.8 |      69 |       5 |   6.8
            +---------+---------+-------+---------+---------+-------
        D:1 |      46 |       0 |   0.0 |      26 |       0 |   0.0
        D:2 |      96 |       5 |   5.0 |      24 |       2 |   7.7
        D:3 |      46 |      22 |  32.4 |      13 |       3 |  18.8
        D:4 |      60 |       0 |   0.0 |       6 |       0 |   0.0
            +---------+---------+-------+---------+---------+-------
